AoeStats
← waw15

African Clearing

504555363Analyzed
3v3 RM · 26d ago on Sep 5, 2026· 70m 29s· 6 players
Game mode
Random Map
Map size
Normal (6 player)
Population
200
Speed
Normal
Resources
Standard
Victory
Conquest
Starting age
Dark Age
Ending age
Imperial Age
RankedLock teamsTeams togetherTeam positionsShared explorationLock speedFull tech treeHidden civsTurbo modeCheats
Victory
Defeat
🇦🇷 Mongols · Argentina
997
+12
🇦🇷 Vietnamese · Argentina
923
+15
🇦🇷 Magyars · Argentina
764
+22
🇵🇱 Bengalis · Poland
928
-17
🇬🇧 Japanese · United Kingdom
908
-17
🇲🇽 Sicilians · Mexico
860
-15
mrusuario0001
4:34 Loom
21:05 Feudal Age
22:31 Wheelbarrow
21:58 Stone Mining
22:01 Double-Bit Axe
23:32 Horse Collar
38:00 Castle Age
36:42 Scale Barding Armor
36:48 Forging
37:59 Gold Mining
38:45 Bloodlines
39:06 Chain Barding Armor
39:22 Iron Casting
40:03 Bow Saw
40:58 Husbandry
42:00 Elite Skirmisher
49:28 Hand Cart
49:20 Pikeman
52:13 Heavy Plow
51:50 Light Cavalry
56:28 Fletching
56:39 Padded Archer Armor
57:45 Bodkin Arrow
58:05 Leather Archer Armor
61:45 Scale Mail Armor
waw15
14:42 Feudal Age
19:15 Castle Age
17:01 Loom
18:39 Double-Bit Axe
18:36 Horse Collar
18:49 Gold Mining
23:27 Man-at-Arms
30:13 Forging
29:53 Fletching
32:20 Iron Casting
34:30 Pikeman
36:03 Yasama
36:42 Bodkin Arrow
36:48 Scale Mail Armor
36:41 Gambesons
37:02 Heavy Plow
37:34 Bow Saw
38:53 Guard Tower
41:42 Imperial Age
40:39 Chain Mail Armor
40:24 Padded Archer Armor
42:35 Squires
43:42 Wheelbarrow
44:21 Two-Man Saw
42:57 Halberdier
45:11 Ballistics
45:51 Chemistry
46:14 Leather Archer Armor
47:50 Onager
61:31 Keep
65:31 Elite Skirmisher
66:17 Thumb Ring
68:57 Arrowslits
PiotrekEs
9:38 Loom
12:57 Feudal Age
13:53 Double-Bit Axe
21:24 Castle Age
27:57 Wheelbarrow
29:59 Hand Cart
30:50 Ballistics
30:35 Horse Collar
31:17 Bow Saw
31:22 Husbandry
31:41 Treadmill Crane
33:05 Heavy Plow
36:50 Imperial Age
35:29 Scale Barding Armor
35:35 Forging
35:16 Fletching
35:27 Scale Mail Armor
34:49 Pikeman
35:30 Squires
36:16 Gold Mining
36:50 Chain Barding Armor
36:49 Bloodlines
38:35 Two-Man Saw
38:08 Crop Rotation
38:01 Conscription
38:37 Gold Shaft Mining
39:03 Masonry
39:30 Iron Casting
38:50 Bodkin Arrow
39:12 Bodkin Arrow
39:17 Padded Archer Armor
39:28 Elite Skirmisher
40:50 Plate Barding Armor
40:51 Architecture
40:26 Siege Engineers
41:23 Chemistry
40:49 Stone Mining
41:11 Bracer
42:11 Blast Furnace
41:13 Murder Holes
43:08 Elite Battle Elephant
45:44 Blast Furnace
45:00 Leather Archer Armor
57:59 Paiks
58:17 Mahayana
63:03 Halberdier
64:01 Chain Mail Armor
64:17 Ring Archer Armor
iNeik
15:44 Feudal Age
18:11 Horse Collar
21:29 Double-Bit Axe
21:37 Gold Mining
21:40 Stone Mining
27:33 Castle Age
27:48 Fletching
27:58 Padded Archer Armor
28:09 Forging
28:05 Scale Barding Armor
30:09 Thumb Ring
29:26 Elite Skirmisher
30:55 Heavy Plow
31:09 Bow Saw
33:52 Town Watch
34:43 Wheelbarrow
39:15 Imperial Age
37:03 Hand Cart
38:00 Chatras
38:15 Bloodlines
39:04 Ballistics
39:47 Husbandry
39:37 Imperial Skirmisher
41:25 Chemistry
40:35 Elite Battle Elephant
43:12 Crop Rotation
44:07 Two-Man Saw
46:45 Iron Casting
46:05 Bodkin Arrow
46:26 Leather Archer Armor
50:29 Paper Money
49:33 Elite Rattan Archer
60:37 Siege Engineers
60:31 Murder Holes
63:09 Pikeman
63:50 Squires
63:35 Arson
64:28 Halberdier
GordiTOsko
12:28 Feudal Age
14:43 Double-Bit Axe
18:06 Castle Age
20:08 Forging
21:00 Scale Barding Armor
25:42 Bow Saw
27:46 Horse Collar
35:28 Imperial Age
33:24 Ballistics
32:59 Gold Mining
33:38 Heavy Plow
34:27 Wheelbarrow
33:43 Town Watch
34:19 Thumb Ring
35:31 Fervor
35:17 Stone Mining
35:45 Hand Cart
35:15 Loom
36:36 Husbandry
37:15 Gold Shaft Mining
37:14 Bloodlines
38:19 Fletching
39:14 Stone Shaft Mining
40:09 Bodkin Arrow
40:15 Padded Archer Armor
41:25 Chemistry
40:31 Siege Engineers
40:37 Masonry
41:39 Bracer
41:55 Leather Archer Armor
42:14 Conscription
42:15 Town Patrol
43:03 Capped Ram
43:11 Elite Mangudai
46:15 Parthian Tactics
48:04 Drill
48:35 Siege Ram
52:05 Light Cavalry
54:09 Iron Casting
53:54 Chain Barding Armor
53:07 Hussar
57:03 Blast Furnace
56:04 Scale Mail Armor
drogo
10:17 Loom
14:23 Feudal Age
16:02 Double-Bit Axe
21:42 Castle Age
19:50 Scale Barding Armor
21:59 Light Cavalry
24:01 Wheelbarrow
23:59 Husbandry
27:03 Horse Collar
27:23 Stone Mining
28:10 Man-at-Arms
28:36 Arson
30:32 Heavy Plow
31:28 Fletching
31:39 Padded Archer Armor
32:13 Bow Saw
32:14 Town Watch
32:34 Long Swordsman
33:11 Gold Mining
33:22 Crossbowman
34:43 Gold Shaft Mining
35:39 Bloodlines
36:29 Thumb Ring
41:37 Imperial Age
40:18 Bodkin Arrow
42:30 Hand Cart
44:51 Bracer
44:35 Cavalier
46:21 Heavy Cavalry Archer
48:39 Chemistry
48:00 Ballistics
49:29 Siege Engineers
53:28 Corvinian Army
53:49 Conscription
53:32 Recurve Bow
53:23 Pikeman
56:13 Paladin
66:33 Two-Man Saw
67:18 Chain Barding Armor
67:27 Two-Handed Swordsman
70:18 Plate Barding Armor
Connection lost

Rejoining the realm…

Still unreachable

The connection could not be restored.

Session expired

The server has moved on; the page needs a fresh start.